 Dungeon Crawl Stone Soup version 0.22-a0-388-g09e6169d0a (webtiles) character file.

5369 Flugkiller the Summoner (level 10, -11/63 HPs)
             Began as a Mummy Summoner on Apr 29, 2018.
             Was an Initiate of Gozag.
             Shot with a sling bullet by Joseph (16 damage)
             ... on level 7 of the Dungeon.
             The game lasted 00:25:26 (13262 turns).

Flugkiller the Summoner (Mummy Summoner)           Turns: 13262, Time: 00:25:27

Health: -11/63     AC:  7    Str: 13    XL:     10   Next: 39%
Magic:  2/17       EV: 12    Int: 17    God:    Gozag
Gold:   372        SH:  0    Dex: 12    Spells: 6/19 levels left

rFire    . . .     SeeInvis .   e - +2 dagger (venom)
rCold    + + .     Gourm    .   (no shield)
rNeg     + + +     Faith    .   i - +2 robe {rC+ rF+}
rPois    ∞         Spirit   .   (no helmet)
rElec    .         Reflect  .   b - +1 cloak
rCorr    .         Harm     .   (no gloves)
MR       +....     Rnd*Tele +   j - +0 pair of boots
Stlth    ++........             (no amulet)
HPRegen  0.20/turn              g - ring of teleportation (curse)
MPRegen  0.15/turn              a - ring of wizardry

@: about to teleport
A: no food or potions, fire vulnerability, cold resistance 1, negative energy
resistance 3, torment resistance, unbreathing
a: Potion Petition, Call Merchant, Bribe Branch, Renounce Religion


You were on level 7 of the Dungeon.
You worshipped Gozag.
Gozag was aware of your devotion.
You were not hungry.

You visited 2 branches of the dungeon, and saw 10 of its levels.

You collected 1636 gold pieces.
You paid 1264 gold pieces to Gozag.

Inventory:

Hand Weapons
 e - a +2 dagger of venom (weapon)
Armour
 b - a +1 cloak (worn)
 f - a +0 ring mail of magic resistance
 i - a +2 robe of resistance (worn)
 j - a +0 pair of boots (worn)
Jewellery
 a - a ring of wizardry (right hand)
 g - a cursed ring of teleportation (left hand)
 l - a +5 ring of strength
 n - an uncursed ring of protection from magic
Wands
 h - a wand of scattershot (2)
 m - a wand of polymorph (7)
 p - a wand of clouds (4)
 r - a wand of acid (5)
Scrolls
 d - a scroll of fog
 k - a scroll of immolation
 o - 2 scrolls of fear


   Skills:
 - Level 1.5 Dodging
 - Level 1.5 Stealth
 - Level 5.0 Spellcasting
 * Level 11.5 Summonings
 - Level 4.0 Ice Magic
 - Level 4.1 Air Magic


You had 6 spell levels left.
You knew the following spells:

 Your Spells              Type           Power        Failure   Level  Hunger
b - Call Imp              Summ           #####...     1%          2    N/A
c - Call Canine Familiar  Summ           #####...     1%          3    N/A
d - Summon Ice Beast      Ice/Summ       ####....     2%          4    N/A
e - Summon Lightning Spi  Summ/Air       ####....     2%          4    N/A

Dungeon Overview and Level Annotations

Branches:
Dungeon (9/15)             Temple (0/1) D:4            Lair (1/6) D:9
    Orc: D:9-12

Altars:
Dithmenos
Elyvilon
Fedhas
Gozag
Hepliaklqana
Kikubaaqudgha
Makhleb
Nemelex Xobeh
Okawaru
Qazlal
Ru
Sif Muna
Trog
Uskayaw
Vehumet
Yredelemnul

Shops:
D:8 [   D:9 [   Lair:1 =:

Annotations:
D:7 Joseph; dricus's ghost, novice DsAK


Innate Abilities, Weirdness & Mutations

You do not eat or drink.
Your flesh is vulnerable to fire.
You are immune to poison.
Your flesh is cold resistant. (rC+)
You are immune to negative energy. (rN+++)
You are immune to unholy pain and torment.
You can survive without breathing.


Message History

Joseph hits your ice beast with an uncursed quarterstaff!
Your ice beast hits Joseph but does no damage.
Joseph misses your ice beast.
Your ice beast barely misses Joseph.
Joseph says, "I'm happy to see you. And I'll be happy to kill you."
Joseph unwields an uncursed quarterstaff.
Joseph wields an uncursed hunting sling of velocity.
Joseph shoots a sling bullet.
The sling bullet hits your ice beast!
Your ice beast dies!
A green ugly thing comes into view.
As you read the scroll of teleportation, it crumbles to dust.
You feel strangely unstable.
Joseph shoots a sling bullet.
The sling bullet hits you!
* * * LOW HITPOINT WARNING * * *
x2 Joseph shoots a sling bullet.
The sling bullet hits you.
* * * LOW HITPOINT WARNING * * *
x2 You see here a sling bullet.
Joseph shoots a sling bullet.
The sling bullet hits you!
You die...
Your body crumbles into a pile of gold.

.... .. ### #####..... ....
###.######.# #.........
.....+..... ...###.#...<...
.....###..#####.#...#)#####.
.....................)>#..#.
#.....##.##.##.#......#..#.
#.....<..#...#.#...........
#...##.###.8u#.###.....#.##
## .##.###@.(######..#...##
##.##h..##(##............#
#<..FW<###@#######..#..#.#
##.########$## #####.#..#.#
#..#...###...###...#.......
#....8....._.....8.........
....#...###...###...##......
.#..##### ##.## ######......
.#... #.# #......


You could see a green ugly thing and Joseph.

Vanquished Creatures
  2 ice beasts
  2 sky beasts
  A phantom (D:5)
  A centaur (D:9)
  5 big kobolds
  A scorpion (D:4)
  A bullfrog zombie (D:8)
  A crimson imp (D:6)
  An orc priest (D:4)
  A centaur zombie (D:8)
  3 hounds
  A bullfrog skeleton (D:6)
  An orc wizard (D:3)
  A centaur skeleton (D:9)
  Ijyb (D:3)
  A worker ant (D:9)
  A howler monkey zombie (D:8)
  A worker ant zombie (D:8)
  5 adders
  3 gnolls (D:2)
  An ooze (D:2)
  An adder skeleton (D:7)
  2 worms
  A dart slug (D:4)
  4 leopard geckos
  17 orcs
  2 giant cockroaches
  2 goblins
  5 hobgoblins
  2 jackals (D:2)
  7 kobolds
  3 quokkas (D:3)
  2 ball pythons
  6 bats
  5 frilled lizards
  A jackal zombie (D:8)
  A leopard gecko skeleton (D:6)
  5 rats
101 creatures vanquished.

Vanquished Creatures (collateral kills)
  The ghost of dricus the Cleaver, a novice DsAK of Lugonu (D:9)
  Pikel (D:8)
  Psyche (D:8)
  2 spiny frogs (Lair:1)
  A kobold demonologist (D:8)
  4 blink frogs (Lair:1)
  2 hippogriffs
  6 yaks (D:9)
  A wraith (D:9)
  A hungry ghost (D:9)
  Menkaure (D:6)
  A porcupine (Lair:1)
  A sky beast (D:8)
  4 slaves (D:8)
  2 necrophages (D:8)
  An ice beast (D:9)
  The ghost of dricus the Skirmisher, an amateur DsAK of Lugonu (D:3)
  A centaur (D:6)
  2 ogres
  12 big kobolds (D:8)
  6 bullfrogs
  Blork the orc (D:5)
  6 wights
  A howler monkey (D:9)
  3 crimson imps (D:6)
  2 orc priests
  A bullfrog skeleton (D:5)
  2 centaur skeletons
  2 jellies
  A centaur zombie (D:8)
  6 orc wizards
  An iguana (D:4)
  A worker ant (D:5)
  A hound zombie (D:9)
  2 hound skeletons
  2 mummies (D:8)
  A worker ant zombie (D:8)
  3 adders
  2 oozes (D:1)
  A worm (D:6)
  7 orcs
  2 giant cockroaches
  5 goblins
  A hobgoblin (D:3)
  4 bats (D:1)
  10 kobolds
  A leopard gecko skeleton (D:6)
  3 rats (D:1)
124 creatures vanquished.

Vanquished Creatures (others)
  A kobold (D:8)
  3 plants
4 creatures vanquished.

Grand Total: 229 creatures vanquished

Notes
Turn   | Place    | Note
-------+----------+-------------------------------------------
     0 | D:1      | Flugkiller the Mummy Summoner began the quest for the Orb.
     0 | D:1      | Reached XP level 1. HP: 13/13 MP: 4/4
   226 | D:1      | Reached XP level 2. HP: 16/19 MP: 3/6
   673 | D:1      | Learned a level 2 spell: Call Imp
  1677 | D:2      | Reached XP level 3. HP: 19/24 MP: 2/7
  1682 | D:2      | Learned a level 3 spell: Call Canine Familiar
  1737 | D:1      | Reached skill level 4 in Summonings
  2321 | D:2      | Reached XP level 4. HP: 29/30 MP: 9/9
  2398 | D:2      | Found a blossoming altar of Fedhas.
  2478 | D:2      | Found an opulent altar of Gozag.
  2506 | D:2      | Became a worshipper of Gozag Ym Sagoz the Greedy
  2763 | D:2      | Found a deep blue altar of Sif Muna.
  2764 | D:2      | Found an ancient bone altar of Kikubaaqudgha.
  2765 | D:2      | Found a radiant altar of Vehumet.
  2769 | D:2      | Identified Sif Muna's Papyrus of the Oath
  2979 | D:3      | Noticed Ijyb
  2986 | D:3      | Killed Ijyb
  2986 | D:3      | Reached XP level 5. HP: 35/35 MP: 11/11
  3047 | D:3      | Noticed dricus's ghost (amateur DsAK)
  3099 | D:3      | Killed dricus's ghost
  3099 | D:3      | Reached skill level 5 in Summonings
  3153 | D:3      | Learned a level 4 spell: Summon Lightning Spire
  3582 | D:3      | Reached XP level 6. HP: 25/41 MP: 8/13
  3964 | D:3      | Found an iron altar of Okawaru.
  4171 | D:4      | Noticed a dagger
  4341 | D:4      | Reached skill level 5 in Spellcasting
  4341 | D:4      | Reached skill level 1 in Air Magic
  4439 | D:4      | Found a hide-covered altar of Uskayaw.
  4491 | D:4      | Noticed a dagger
  5100 | D:4      | Found a staircase to the Ecumenical Temple.
  5175 | D:5      | Entered Level 5 of the Dungeon
  5185 | D:5      | Noticed an ice beast
  5290 | D:5      | Noticed Blork the orc
  5306 | D:5      | Killed Blork the orc
  5309 | D:5      | Killed an ice beast
  5309 | D:5      | Reached skill level 6 in Summonings
  5309 | D:5      | Reached XP level 7. HP: 36/46 MP: 8/14
  5626 | D:5      | Found a sacrificial altar of Ru.
  5665 | D:5      | Found a basalt altar of Yredelemnul.
  5910 | D:5      | Found a burning altar of Makhleb.
  5910 | D:5      | Found a stormy altar of Qazlal.
  6011 | D:5      | Found an iron altar of Okawaru.
  6013 | D:5      | Found a hazy altar of Hepliaklqana.
  6015 | D:5      | Found a faded altar of an unknown god.
  6334 | D:6      | Noticed Menkaure
  6479 | D:6      | Killed Menkaure
  6479 | D:6      | Reached skill level 7 in Summonings
  6507 | D:6      | Reached XP level 8. HP: 41/52 MP: 11/15
  7475 | D:6      | Learned a level 4 spell: Summon Ice Beast
  7602 | D:6      | Found a sparkling altar of Nemelex Xobeh.
  7823 | D:7      | Noticed dricus's ghost (novice DsAK)
  8781 | D:8      | Noticed Psyche
  8808 | D:8      | Killed Psyche
  8808 | D:8      | Reached skill level 8 in Summonings
  8808 | D:8      | Reached skill level 1 in Ice Magic
  9036 | D:8      | Found Warex's Antique Armour Shop.
  9330 | D:8      | Noticed Pikel
  9353 | D:8      | Noticed a kobold demonologist
  9365 | D:8      | Noticed a sun demon
  9370 | D:8      | Killed Pikel
  9370 | D:8      | Reached XP level 9. HP: 37/57 MP: 5/16
  9395 | D:8      | Noticed an orange demon
  9630 | D:8      | Killed a kobold demonologist
  9630 | D:8      | Reached skill level 9 in Summonings
 10316 | D:9      | Found a staircase to the Lair.
 10524 | D:9      | Reached skill level 10 in Summonings
 10728 | D:9      | Noticed dricus's ghost (novice DsAK)
 10751 | D:9      | Killed dricus's ghost
 10908 | D:9      | Reached XP level 10. HP: 37/63 MP: 3/17
 11445 | D:9      | Found Dajeryn's Armour Emporium.
 11626 | D:9      | Found a bloodstained altar of Trog.
 11626 | D:9      | Found a shadowy altar of Dithmenos.
 11691 | Lair:1   | Entered Level 1 of the Lair of Beasts
 11761 | Lair:1   | Reached skill level 11 in Summonings
 11793 | Lair:1   | Noticed a spiny frog
 12670 | Lair:1   | Noticed a spiny frog
 12680 | Lair:1   | Killed a spiny frog
 12937 | Lair:1   | Killed a spiny frog
 13099 | D:7      | Found a white marble altar of Elyvilon.
 13109 | D:7      | Noticed Joseph
 13259 | D:7      | Noticed a green ugly thing
 13262 | D:7      | Shot with a sling bullet by Joseph

Vault maps used:
D:1:      erik_arrival_gehennom, minivault_25, serial_park_tiny_2,
          lexackson_kobold_supper
D:2:      grunt_temple_overflow_magic_moments, grunt_gozag_statues,
          lemuel_coloured_pillars_altar
D:3:      kennysheep_okawaru_gauntlet, uniq_ijyb
D:4:      dancing_weapons_uskayaw, minmay_temple_entry_enclosed_plants,
          first_ration
D:5:      chequers_temple_overflow_minitemple, amethyst_overflow_temple_binary,
          uniq_blork_the_orc
D:6:      minmay_misc_feat_chi, nemelex_xobeh_ov_fountains_minmay, uniq_menkaure
D:7:      elyvilon_altar_1, uniq_joseph
D:8:      serial_undead, serial_undead_a, serial_undead_d, serial_undead_c,
          serial_undead_a, serial_undead_f, serial_undead_b, special_room,
          serial_shops, shop, uniq_psyche, uniq_pikel
D:9:      gammafunk_temple_overflow_elements, lair_entry_dummy, serial_glass,
          glass_columns_a, glass_columns_a, serial_shops, shop
Lair:1:   beast_lair_carwin_large_4, lab_entry_generic

Skill      XL: |  1  2  3  4  5  6  7  8  9 10 |
---------------+-------------------------------+-----
Spellcasting   | 3 4 5 |  5.0
Summonings     | 4 5 6 7 8 10 11 | 11.5
Air Magic      | 1 3 4 |  4.1
Ice Magic      | 2 4 |  4.0
Dodging        | |  1.5
Stealth        | |  1.5

Action                   |  1- 3 |  4- 6 |  7- 9 | 10-12 || total
-------------------------+-------+-------+-------+-------++-------
Melee: Unarmed           |    11 |       |       |       ||    11
       Dagger            |    71 |   144 |   238 |    39 ||   492
 Cast: Summon Small Mamm |    36 |       |       |       ||    36
       Call Imp          |    12 |    25 |    11 |       ||    48
       Call Canine Famil |       |     7 |    20 |       ||    27
       Summon Lightning  |       |     1 |    38 |     6 ||    45
       Summon Ice Beast  |       |       |    24 |    37 ||    61
Invok: Call Merchant     |       |       |       |     2 ||     2
       Potion Petition   |       |       |       |     1 ||     1
  Use: Scroll            |       |     4 |     6 |     7 ||    17
 Stab: Sleeping          |     1 |     7 |     3 |       ||    11
       Distracted        |     1 |       |     3 |       ||     4
Armor: Robe              |    44 |    44 |    69 |    17 ||   174
Dodge: Dodged            |   100 |    88 |   147 |    28 ||   363

Table legend:
 A = Spawn XP
 B = Non-spawn XP
 C = Spawn XP percentage of total XP
 D = Spawn monster count
 E = Non-spawn monster count
 F = Spawn count percentage of total count
 G = Total turns spent on level
                    A         B        C        D         E        F      G
               +---------+---------+-------+---------+---------+-------+---------
         Total |       0 |    7671 |   0.0 |       0 |     221 |   0.0 | 13262
               +---------+---------+-------+---------+---------+-------+---------
           D:1 |       0 |      39 |   0.0 |       0 |      28 |   0.0 |  1699
           D:2 |       0 |     116 |   0.0 |       0 |      24 |   0.0 |  1233
           D:3 |       0 |     254 |   0.0 |       0 |      35 |   0.0 |  1325
           D:4 |       0 |     171 |   0.0 |       0 |       9 |   0.0 |   925
           D:5 |       0 |     493 |   0.0 |       0 |      13 |   0.0 |  1020
           D:6 |       0 |     827 |   0.0 |       0 |      24 |   0.0 |  2455
           D:7 |       0 |     165 |   0.0 |       0 |       5 |   0.0 |   361
           D:8 |       0 |    2376 |   0.0 |       0 |      43 |   0.0 |  1438
           D:9 |       0 |    2028 |   0.0 |       0 |      32 |   0.0 |  1810
        Lair:1 |       0 |    1202 |   0.0 |       0 |       8 |   0.0 |   996
               +---------+---------+-------+---------+---------+-------+---------
